 Dungeon Crawl Stone Soup version 0.29.1-12-g30fa7ad0bf (webtiles) character file.

Game seed: 563934242335056029

259 aca the Chopper (level 5, 0/46 HPs)
             Began as a Minotaur Fighter on Dec 25, 2022.
             Slain by an orc priest
             ... wielding a +0 club
              (1 damage)
             ... on level 3 of the Dungeon.
             The game lasted 00:02:48 (1474 turns).

aca the Chopper (Minotaur Fighter)                  Turns: 1474, Time: 00:02:48

Health: 0/46       AC: 11    Str: 23    XL:     5   Next: 94%
Magic:  4/4        EV:  6    Int:  5    God:
Gold:   74         SH:  4    Dex:  9    Spells: 4/4 levels left

rFire   . . .      SeeInvis .   a - +0 war axe
rCold   . . .      Faith    .   c - +0 buckler
rNeg    . . .      Spirit   .   n - +0 plate armour
rPois   +          Reflect  .   (helmet restricted)
rElec   .          Harm     .   (no cloak)
rCorr   .          Rampage  .   (no gloves)
Will    .....                   (no boots)
Stlth   ..........              (no amulet)
HPRegen 0.15/turn               h - ring of poison resistance
MPRegen 0.09/turn               (no ring)

@: no status effects
A: horns 2, retaliatory headbutt
a: no special abilities


You were on level 3 of the Dungeon.
You visited 1 branch of the dungeon, and saw 3 of its levels.

You collected 74 gold pieces.

Inventory:

Hand Weapons
 a - a +0 war axe (weapon)
Missiles
 q - 5 javelins (quivered)
Armour
 b - a +0 scale mail
 c - a +0 buckler (worn)
 l - a +0 chain mail
 n - a +0 plate armour (worn)
Jewellery
 h - a ring of poison resistance (left hand)
 p - a +6 ring of strength
Scrolls
 d - a scroll of magic mapping {unknown}
 e - a scroll of amnesia {unknown}
 f - 2 scrolls of identify {unknown}
 g - a scroll of poison {unknown}
 k - a scroll of vulnerability {unknown}
 m - 2 scrolls of enchant weapon {unknown}
 r - a scroll of teleportation {unknown}
Potions
 i - a potion of mutation {unknown}
 j - a potion of attraction {unknown}
 o - a potion of curing {unknown}


   Skills:
 - Level 3.7 Fighting
 + Level 7.1 Axes
 - Level 3.8 Armour
 + Level 1.4 Dodging
 - Level 3.7 Shields


You had 4 spell levels left.
You didn't know any spells.
Your spell library was empty.

Dungeon Overview and Level Annotations

Branches:
Dungeon (3/15)

Altars:
The Shining One


Innate Abilities, Weirdness & Mutations

You have a pair of horns on your head.
You reflexively headbutt those who attack you in melee.


Message History

You kill the endoplasm!
You hit the orc but do no damage. You block the orc's attack.
The orc priest begins to cast a cantrip, but forgets the words!
You hit the orc but do no damage. The orc barely misses you.
You hit the orc but do no damage. You block the orc's attack.
You hit the orc.
The orc is lightly wounded.
The orc hits you with a +0 mace.
You slash the orc!
You kill the orc!
Things that are here:
a +0 mace; a +0 ring mail; an orc corpse You hit the orc.
The orc is severely wounded.
The orc hits you but does no damage. You block the orc's attack.
The orc priest hits you with a +0 club.
You hit the orc.
You kill the orc!
You hit the orc priest but do no damage.
The orc priest hits you but does no damage.
You hit the orc priest.
The orc priest is lightly wounded.
The orc priest calls down the wrath of Beogh upon you.
Beogh smites you!
* * * LOW HITPOINT WARNING * * *
You are too injured to fight recklessly!
You are too injured to fight recklessly!
You closely miss the orc priest.
The orc priest is lightly wounded.
The orc priest hits you with a +0 club.
* * * LOW HITPOINT WARNING * * *
You slash the orc priest!
The orc priest is almost dead.
The orc priest invokes the aid of Beogh against you.
Beogh smites you!
* * * LOW HITPOINT WARNING * * *
You barely miss the orc priest. You headbutt the orc priest.
The orc priest is almost dead.
The orc priest hits you with a +0 club.
You die...

... ... #.. #.. #..
..# .# #.. ## . #.# .
##.o####....#.###.###
#..)@# ...#.#.# ....
#..#.## #...#.##..#
#.. #..## #..#.#...#
#. ##..###......#.###
.. ##.##..##....#
#.#.. ..
##...##..#.#..###...#
. +..8..##...#..#...#
..8.8..##.........#
.8._.8. ###.....###


You could see an orc priest.

Vanquished Creatures
  Sigmund (D:2)
  3 gnolls (D:2)
  A dart slug (D:1)
  2 orcs (D:3)
  6 endoplasms
  3 giant cockroaches
  3 goblins
  2 hobgoblins (D:2)
  2 jackals (D:1)
  7 kobolds
  A quokka (D:2)
  6 ball pythons
  7 bats
  7 frilled lizards
  6 rats
57 creatures vanquished.

Notes
Turn   | Place    | Note
-------+----------+-------------------------------------------
     0 | D:1      | aca the Minotaur Fighter began the quest for the Orb.
     0 | D:1      | Reached XP level 1. HP: 19/19 MP: 0/0
   268 | D:1      | Reached skill level 3 in Axes
   282 | D:1      | Reached XP level 2. HP: 27/27 MP: 1/1
   512 | D:1      | Reached XP level 3. HP: 33/33 MP: 2/2
   618 | D:2      | Noticed Sigmund
   620 | D:2      | Reached skill level 4 in Axes
   633 | D:2      | Killed Sigmund
   634 | D:2      | Reached skill level 6 in Axes
   634 | D:2      | Reached skill level 1 in Dodging
   634 | D:2      | Reached XP level 4. HP: 12/40 MP: 3/3
   634 | D:2      | Reached XP level 5. HP: 14/46 MP: 4/4
   959 | D:2      | Reached skill level 7 in Axes
  1417 | D:3      | Found a glowing golden altar of the Shining One.
  1473 | D:3      | HP: 1/46 [orc priest/divine providence (11)]
  1474 | D:3      | Slain by an orc priest

Illustrated notes

Levels and vault maps discovered:
D:1:      dpeg_arrival_tiny_a, layout_rooms, chequers_serial_rivers_large_b,
          st_stairs_11
D:2:      layout_rooms, uniq_sigmund
D:3:      wander_river, layout_rooms, tso_metal_star,
          shapermc_ecumenical_altar_acropolis, uniq_robin

Skill      XL: |  1  2  3  4  5 |
---------------+----------------+-----
Axes           | 3 6 7 |  7.1
Dodging        | 1 |  1.4
Fighting       | |  3.7
Armour         | |  3.8
Shields        | |  3.7

Action                   |  1- 3 |  4- 6 || total
-------------------------+-------+-------++-------
Melee: War axe           |    54 |    53 ||   107
       Headbutt          |     4 |     5 ||     9
  Use: Potion            |     1 |       ||     1
Armor: Scale mail        |    26 |       ||    26
       Chain mail        |    14 |     8 ||    22
       Plate armour      |       |    22 ||    22
Dodge: Dodged            |    30 |    11 ||    41
Block: Buckler           |    16 |    13 ||    29
